 Dungeon Crawl Stone Soup version 0.29-a0-541-gaf1fc19f1b (webtiles) character file.

Game seed: 5764949716897673148

489 IdlyInterested the Cudgeller (level 6, -3/44 HPs)
             Began as a Demonspawn Gladiator on June 2, 2022.
             Killed by divine providence
             ... invoked by an orc priest
              (14 damage)
             ... on level 4 of the Dungeon.
             The game lasted 00:07:27 (4477 turns).

IdlyInterested the Cudgeller (Demonspawn Gladiator) Turns: 4477, Time: 00:07:28

Health: -3/44      AC:  6    Str: 17    XL:     6   Next: 90%
Magic:  6/6        EV: 13    Int:  9    God:
Gold:   297        SH:  0    Dex: 14    Spells: 5/5 levels left

rFire   . . .      SeeInvis .   a - +1 flail
rCold   . . .      Faith    .   (no shield)
rNeg    . . .      Spirit   .   y - +0 troll leather armour {Pargi}
rPois   .          Reflect  .   c - +1 helmet
rElec   .          Harm     .   (no cloak)
rCorr   .          Rampage  .   (no gloves)
Will    .....                   (no boots)
Stlth   +.........              (no amulet)
HPRegen 0.94/turn               b - +4 ring of slaying
MPRegen 0.10/turn               (no ring)

@: no status effects
A: ignite blood 1, spiny 1
a: no special abilities


You were on level 4 of the Dungeon.
You visited 1 branch of the dungeon, and saw 4 of its levels.

You collected 297 gold pieces.

Inventory:

Hand Weapons
 a - a +1 flail (weapon)
Missiles
 d - 4 throwing nets
 e - a javelin
 f - 30 stones
 o - 8 poisoned darts
 t - 7 boomerangs (quivered)
Armour
 c - a +1 helmet (worn)
 i - a +0 chain mail
 y - a +0 troll leather armour (worn) {Pargi}
Jewellery
 b - a +4 ring of slaying (left hand)
 p - an amulet of faith
Wands
 q - a wand of polymorph (9)
 u - a wand of flame (9)
Scrolls
 g - 5 scrolls of identify
 j - a scroll of poison
 m - a scroll of teleportation
 v - a scroll of noise {unknown}
 x - a scroll of fog {unknown}
Potions
 h - a potion of haste
 l - a potion of curing
 n - a potion of might
 r - 3 potions of heal wounds
 s - 3 potions of invisibility
 w - a potion of magic {unknown}


   Skills:
 - Level 2.0 Fighting
 * Level 5.0 Maces & Flails
 - Level 1.7 Throwing
 - Level 2.0 Armour
 * Level 5.0 Dodging
 + Level 1.4 Evocations


You had 5 spell levels left.
You didn't know any spells.
Your spell library contained the following spells:

 Spells                   Type           Power      Damage    Failure   Level
 Slow                     Hex            0%         N/A       43%         1
 Blink                    Tloc           0%         N/A       58%         2
 Confusing Touch          Hex            0%         N/A       82%         3
 Inner Flame              Hex/Fire       0%         N/A       82%         3
 Lesser Beckoning         Tloc           0%         N/A       82%         3
 Vampiric Draining        Necr           0%         2d6       82%         3
 Cause Fear               Hex            0%         N/A       99%         4
 Manifold Assault         Tloc           0%         N/A       100%        5
 Discord                  Hex            0%         N/A       100%        8


Dungeon Overview and Level Annotations

Branches:
Dungeon (4/15)
 Temple: D:4-7

Altars:


Innate Abilities, Weirdness & Mutations

Your demonic aura sometimes causes spilled blood to erupt in flames.
You are partially covered in sharp spines.


Message History

You kill the goblin!
Robin drinks a potion.
Robin seems to grow stronger.
The goblin closely misses you.
You hit the goblin.
You kill the goblin!
You hit Robin.
Robin is moderately wounded.
Robin is struck by your spines. Robin barely misses you.
An orc priest comes into view. It is wielding a +2 vorpal trident.
The orc priest shouts!
You sock Robin!
Robin is almost dead.
The orc priest calls down the wrath of Beogh upon you.
Beogh smites you!
You thump the hobgoblin!
You kill the hobgoblin!
Robin is struck by your spines.
You kill Robin!
An orc comes into view. It is wielding a +0 flail.
You see here a hobgoblin corpse.
Found 12 gold pieces.
The orc priest hits you from afar with a +2 vorpal trident.
An orc comes into view. It is wielding a +0 short sword.
The orc priest is struck by your spines.
The orc priest hits you with a +2 vorpal trident.
You completely miss the orc priest.
The orc priest is heavily wounded.
The orc shouts!
The orc priest hits you with a +2 vorpal trident.
You thump the orc priest!
The orc priest is almost dead.
The orc priest calls down the wrath of Beogh upon you.
Beogh smites you!
* * * LOW HITPOINT WARNING * * *
You closely miss the orc. Your punch misses the orc.
The orc hits you but does no damage. The orc priest closely misses you.
You barely miss the orc.
The orc priest mumbles some strange prayers to Beogh against you.
Beogh smites you!
You die...

# #...### #+## #.....
...## ####...####
....## #.........#
.....###.........#
......##.........#
......'.......#.#
......####.)))#.###.#
.....## ##)))†.@ooo#
....## #####.#####
...## #.# #+## $.#
...# #### ...# ...#
...## ....#


You could see an orc priest and 2 orcs.

Vanquished Creatures
  Pargi (D:4)
  A black bear (D:4)
  An iguana (D:4)
  Natasha (thrice) (D:2)
  Robin (D:4)
  3 gnolls (D:4)
  5 adders
  An ufetubus (D:4)
  A worm (D:4)
  4 dart slugs
  5 orcs
  12 ball pythons
  3 bats
  8 endoplasms
  6 giant cockroaches
  12 goblins
  5 hobgoblins
  6 jackals
  6 quokkas
  2 frilled lizards
  7 kobolds
  6 rats
99 creatures vanquished.

Notes
Turn   | Place    | Note
-------+----------+-------------------------------------------
     0 | D:1      | IdlyInterested the Demonspawn Gladiator began the quest for
                  | the Orb.
     0 | D:1      | Reached XP level 1. HP: 16/16 MP: 1/1
   373 | D:1      | Gained mutation: You are partially covered in sharp spines.
                  | [demonic ancestry]
   373 | D:1      | Reached XP level 2. HP: 22/22 MP: 2/2
  1048 | D:1      | Reached XP level 3. HP: 22/27 MP: 3/3
  1454 | D:2      | Reached skill level 1 in Armour
  1678 | D:2      | Noticed Natasha
  1686 | D:2      | Killed Natasha
  1788 | D:2      | Gained mutation: Your demonic aura sometimes causes spilled
                  | blood to erupt in flames. [demonic ancestry]
  1788 | D:2      | Reached XP level 4. HP: 33/33 MP: 4/4
  1880 | D:2      | Noticed Natasha
  1886 | D:2      | Killed Natasha
  2313 | D:2      | Noticed Natasha
  2319 | D:2      | Killed Natasha
  2599 | D:3      | Reached XP level 5. HP: 35/38 MP: 5/5
  3003 | D:3      | Found a faded altar of an unknown god.
  3871 | D:4      | Noticed a black bear
  3878 | D:4      | Killed a black bear
  3879 | D:4      | Reached XP level 6. HP: 27/44 MP: 6/6
  4077 | D:4      | Noticed Pargi
  4085 | D:4      | Killed Pargi
  4086 | D:4      | Reached skill level 1 in Evocations
  4346 | D:4      | Reached skill level 5 in Maces & Flails
  4460 | D:4      | Noticed Robin
  4466 | D:4      | Reached skill level 5 in Dodging
  4470 | D:4      | Killed Robin
  4477 | D:4      | Killed from afar by an orc priest

Illustrated notes

Levels and vault maps discovered:
D:1:      dpeg_arrival_central, layout_basic, minmay_pentomino_u4
D:2:      layout_basic, moated_statue, roderic_roman_lattice,
          amcnicky_mini_corridor_feature, st_stairs_13, uniq_natasha
D:3:      minmay_angry_zag, layout_rooms,
          hellmonk_ecumenical_altar_inner_sanctum
D:4:      layout_loops_corners, general_overflow_altar,
          minmay_temple_entry_offerings, minmay_fractal_squares_gapless_5,
          uniq_pargi, uniq_robin

Skill      XL: |  1  2  3  4  5  6 |
---------------+-------------------+-----
Maces & Flails | 3 4 5 |  5.0
Dodging        | 3 4 5 |  5.0
Armour         | 1 2 |  2.0
Evocations     | 1 |  1.4
Fighting       | |  2.0
Throwing       | |  1.7

Action                   |  1- 3 |  4- 6 || total
-------------------------+-------+-------++-------
Melee: Flail             |    74 |   114 ||   188
       Punch             |     1 |     1 ||     2
Throw: Boomerang         |       |     5 ||     5
       Dart              |       |     1 ||     1
  Use: Scroll            |     4 |     8 ||    12
       Potion            |       |     2 ||     2
Armor: Leather armour    |    16 |       ||    16
       Scale mail        |     3 |     7 ||    10
       Chain mail        |       |    39 ||    39
       Troll leather arm |       |     8 ||     8
Dodge: Dodged            |    52 |    59 ||   111

Table legend: (Time is in decaauts)
 A = Elapsed time spent in this place.
 B = Non-inter-level travel time spent in this place.
 C = Inter-level travel time spent in this place.
 D = Time resting spent in this place.
 E = Time spent auto-exploring this place.
 F = Levels seen in this place.
 G = Mean time per level.
                   A        B        C        D        E       F      G
               +--------+--------+--------+--------+--------+-----+--------+
         Total |   4515 |   4460 |     55 |   1013 |   2675 |   4 | 1128.8 |
       Dungeon |   4515 |   4460 |     55 |   1013 |   2675 |   4 | 1128.8 |
               +--------+--------+--------+--------+--------+-----+--------+

Top non-repeatable levels by time:
     D:1: 1407 daAuts
     D:4: 1328 daAuts
     D:2: 1198 daAuts
     D:3: 581 daAuts
